 Dungeon Crawl Stone Soup version 0.17.1-2-g5865329 (webtiles) character file.

182 Jobasha the Ducker (level 5, -1/39 HPs)
             Began as a Human Gladiator on Jan 26, 2016.
             Was an Initiate of Okawaru.
             Killed from afar by an orc wizard (6 damage)
             ... with a puff of frost
             ... on level 4 of the Dungeon.
             The game lasted 00:25:27 (4466 turns).

Jobasha the Ducker (Human Gladiator)                Turns: 4466, Time: 00:25:27

Health: -1/39      AC:  6    Str: 15      XL:     5   Next: 93%
Magic:  5/5        EV: 14    Int:  7 (8)  God:    Okawaru [......]
Gold:   198        SH:  0    Dex: 15      Spells: 0 memorised, 4 levels left

rFire  . . .     SeeInvis .     g - +0 spear (pierce)
rCold  . . .     Clarity  .     b - +0 leather armour
rNeg   . . .     SustAt   .     (no shield)
rPois  .         Gourm    .     c - +0 helmet
rElec  .         Spirit   .     o - +0 cloak
rCorr  .         Warding  .     (no gloves)
rMut   .         Stasis   .     n - +0 pair of boots
MR     .....                    (no amulet)
Stlth  ++........               (no ring)
                                (no ring)

@: lethally poisoned (-1 -> -2), not resistant to hostile enchantments,
unstealthy
A: hooves 1, deformed body, shaggy fur 1
a: Renounce Religion


You were on level 4 of the Dungeon.
You worshipped Okawaru.
Okawaru was noncommittal.
You were not hungry.

You visited 2 branches of the dungeon, and saw 5 of its levels.

You collected 198 gold pieces.

Inventory:

Hand Weapons
 a - a +0 flail
 g - a +0 spear of piercing (weapon)
Armour
 b - a +0 leather armour (worn)
 c - a +0 helmet (worn)
 n - a +0 pair of boots (worn)
 o - a +0 cloak (worn)
Jewellery
 r - an uncursed ring of teleportation {u}
 u - an uncursed ring of magical power
Scrolls
 h - 2 scrolls of identify
 k - 3 scrolls of teleportation
 q - a scroll of amnesia
 s - a scroll of random uselessness {unknown}
 v - a scroll of enchant armour {unknown}
Potions
 m - a potion of degeneration
 p - 3 potions of agility
Comestibles
 e - 2 bread rations
 f - 7 fruits
 i - a meat ration


   Skills:
 + Level 2.4 Fighting
 + Level 3.5 Maces & Flails
 + Level 0.4 Polearms
 + Level 2.1 Throwing
 + Level 2.4 Armour
 + Level 4.3 Dodging
 + Level 1.4 Stealth


You had 4 spell levels left.
You didn't know any spells.

Dungeon Overview and Level Annotations

Branches:
Dungeon (4/15)             Temple (1/1) D:4

Altars:
Ashenzari
Cheibriados
Dithmenos
Elyvilon
Fedhas
Gozag
Kikubaaqudgha
Makhleb
Nemelex Xobeh
Okawaru
Qazlal
Ru
Sif Muna
Trog
Vehumet
Xom
Yredelemnul
Zin
The Shining One

Shops:
D:4 *

Annotations:
D:3 Glider's ghost, amateur HOFi


Innate Abilities, Weirdness & Mutations

You have large cloven feet.
Armour fits poorly on your strangely shaped body.
You are covered in fur (AC +1).


Message History

Okay, then.
You closely miss the orc wizard.
The orc wizard is moderately wounded.
You feel sick. The orc wizard closely misses you.
The adder completely misses you. The orc closely misses you.
The orc wizard hits you with a dagger.
* * * LOW HITPOINT WARNING * * *
The adder closely misses you.
You feel sick.
The orc wizard hits you but does no damage.
The orc wizard barely misses you.
The orc wizard miscasts a cantrip.
You feel sick.
The orc wizard gestures at you while chanting.
The puff of flame hits you!
* * * LOW HITPOINT WARNING * * *
You feel sick.
The orc wizard gestures at you while chanting.
The puff of frost hits you!
You die...

...#.#####).......#.##.####
..... .###.# ##########S#
##.#. ...#.# #.# ##
.#.#.##### #o# # .#.......#
#.# # .###.###.# #.# # .#
#.# #.# # .# #.#
##########.# # .# ...
.......@oS.# .# ###
############ .# .# # .# .#
.# .# .#


You could see an orc wizard and an adder.

Vanquished Creatures
  A centaur skeleton (D:4)
  An orc wizard (D:3)
  A worker ant (D:4)
  2 adders
  An ooze (D:3)
  3 worms
  4 giant geckos
  3 orcs (D:3)
  2 ball pythons (D:3)
  2 giant cockroaches
  12 goblins
  6 hobgoblins
  7 jackals
  6 bats
  4 giant newts
  5 kobolds
  8 rats
  A fungus (D:1)
69 creatures vanquished.

Notes
Turn   | Place    | Note
--------------------------------------------------------------
     0 | D:1      | Jobasha the Human Gladiator began the quest for the Orb.
     0 | D:1      | Reached XP level 1. HP: 16/16 MP: 1/1
   215 | D:1      | Reached XP level 2. HP: 19/22 MP: 2/2
   862 | D:1      | Reached XP level 3. HP: 27/27 MP: 3/3
  1196 | D:1      | You fall through a shaft!
  1947 | D:2      | Reached skill level 1 in Armour
  1983 | D:2      | Reached XP level 4. HP: 33/33 MP: 4/4
  2465 | D:3      | Reached skill level 4 in Dodging
  2467 | D:3      | Reached XP level 5. HP: 25/38 MP: 5/5
  2640 | D:3      | Gained mutation: You are covered in fur (AC +1). [potion of mutation]
  2640 | D:3      | Gained mutation: Armour fits poorly on your strangely shaped body. [potion of mutation]
  2640 | D:3      | Gained mutation: You have large cloven feet. [potion of mutation]
  3179 | D:3      | Noticed Glider's ghost (amateur HOFi)
  3507 | D:2      | Reached skill level 1 in Stealth
  3573 | D:2      | You fall through a shaft for 2 floors!
  3639 | D:4      | Found a staircase to the Ecumenical Temple.
  3832 | D:4      | Found an ancient bone altar of Kikubaaqudgha.
  3836 | D:4      | Found Fonad's Assorted Antiques.
  4104 | Temple   | Entered the Ecumenical Temple
  4375 | Temple   | Became a worshipper of Warmaster Okawaru
  4448 | D:4      | Noticed an ogre
  4466 | D:4      | Killed from afar by an orc wizard

Action                   |  1- 3 |  4- 6 || total
-------------------------+-------+-------++-------
Melee: Flail             |    77 |       ||    77
       Spear             |    52 |   154 ||   206
Throw: Throwing net      |       |     3 ||     3
  Use: Potion            |     5 |     3 ||     8
       Scroll            |     6 |     2 ||     8
 Stab: Sleeping          |       |     2 ||     2
  Eat: Chunk             |     2 |     7 ||     9
       Pizza             |     1 |       ||     1
       Fruit             |       |     1 ||     1
